 Dungeon Crawl Stone Soup version 0.19.0-11-g3fc08b3 (webtiles) character file.

14465 nikopol the Thaumaturge (level 12, 0/71 HPs)
             Began as a Gargoyle Earth Elementalist on Nov 7, 2016.
             Was an Elder of Vehumet.
             Killed from afar by an ice dragon (62 damage)
             ... with a blast of cold
             ... in an ice cave on Nov 8, 2016.
             The game lasted 01:58:19 (16320 turns).

nikopol the Thaumaturge (GrEE)                     Turns: 16320, Time: 01:58:19

Health: 0/71       AC: 22    Str: 11    XL:     12   Next: 16%
Magic:  4/26       EV: 15    Int: 27    God:    Vehumet [****..]
Gold:   948        SH:  5    Dex: 13    Spells: 4 memorised, 19 levels left

rFire  . . .     SeeInvis .     C - +2 flail (protect)
rCold  . . .     Gourm    .     H - +2 robe of Empajeorr {rN+ Regen+ Dex+3}
rNeg   + + .     Faith    .     D - +0 buckler
rPois  ∞         Spirit   .     k - +0 helmet
rElec  +         Reflect  .     U - +2 cloak {+Inv}
rCorr  .         Harm     .     c - +0 pair of gloves
MR     .....                    M - +1 pair of boots
Stlth  ++........               A - amulet of regeneration
                                O - +2 ring of protection
                                X - +5 ring of intelligence

@: no status effects
A: negative energy resistance 1, electricity resistance, unbreathing,
petrification resistance, rot immunity, AC +8
a: Renounce Religion, Evoke Invisibility


You were in an ice cave.
You worshipped Vehumet.
Vehumet was greatly pleased with you.
You were not hungry.

You visited 3 branches of the dungeon, and saw 13 of its levels.
You also visited: Ice Cave.

You collected 948 gold pieces.

Inventory:

Hand Weapons
 a - a +3 flail
 C - a +2 flail of protection (weapon)
 Y - a +2 flail
Missiles
 b - 275 stones (quivered)
Armour
 c - a +0 pair of gloves (worn)
 k - a +0 helmet (worn)
 D - a +0 buckler (worn)
 H - the +2 robe of Empajeorr (worn) {rN+ Regen+ Dex+3}
   (You found it on level 5 of the Dungeon)

   It affects your dexterity (+3).
   It protects you from negative energy.
   It increases your rate of regeneration.
 M - a +1 pair of boots (worn)
 U - a +2 cloak of invisibility (worn)
Jewellery
 v - an uncursed ring of flight
 A - an amulet of regeneration (around neck)
 O - a +2 ring of protection (right hand)
 X - a +5 ring of intelligence (left hand)
Wands
 f - a wand of iceblast (6/15)
 p - a wand of lightning (6/15)
 F - a wand of lightning (4/15)
 I - a wand of flame (9/48)
 Q - a wand of flame (22/48)
 R - a wand of enslavement (12/24)
Scrolls
 g - 8 scrolls of remove curse
 m - a scroll of enchant armour
 s - a scroll of magic mapping
 w - 2 scrolls of fear {unknown}
 E - a scroll of torment {unknown}
 G - 2 scrolls of teleportation
 K - 3 scrolls of recharging
 P - 5 scrolls of identify
 T - 2 scrolls of amnesia
 V - a scroll of blinking {unknown}
Potions
 h - a potion of invisibility
 i - a potion of resistance
 j - a potion of berserk rage {unknown}
 l - a potion of lignification {unknown}
 n - 2 potions of cure mutation {unknown}
 t - 4 potions of agility
 u - 2 potions of might
 z - a potion of mutation {unknown}
 B - a potion of flight {unknown}
 J - 5 potions of degeneration {unknown}
 L - a potion of heal wounds {unknown}
 N - 3 potions of curing {unknown}
 S - a potion of brilliance {unknown}
Books
 e - a book of Geomancy

   Spells                             Type                      Level
   a - Sandblast                      Earth                        1
   b - Passwall                       Transmutation/Earth          2
   c - Stone Arrow                    Conjuration/Earth            3
   d - Petrify                        Transmutation/Earth          4
   e - Lee's Rapid Deconstruction     Earth                        5
 y - a book of Misfortune

   Spells                             Type                      Level
   a - Confusing Touch                Hexes                        1
   b - Confuse                        Hexes                        3
   c - Gell's Gravitas                Hexes/Translocation          3
   d - Petrify                        Transmutation/Earth          4
   e - Metabolic Englaciation         Hexes/Ice                    5
   f - Yara's Violent Unravelling     Hexes/Transmutation          5
 W - a book of Minor Magic

   Spells                             Type                      Level
   a - Magic Dart                     Conjuration                  1
   b - Blink                          Translocation                2
   c - Call Imp                       Summoning                    2
   d - Repel Missiles                 Charms/Air                   2
   e - Slow                           Hexes                        2
   f - Conjure Flame                  Conjuration/Fire             3
   g - Mephitic Cloud                 Conjuration/Poison/Air       3
Miscellaneous
 o - a fan of gales
Comestibles
 d - 5 bread rations
 q - 25 fruits
 r - 4 royal jellies


   Skills:
 + Level 6.8 Fighting
 + Level 6.1 Maces & Flails
 - Level 1.8 Armour
 + Level 5.6 Dodging
 - Level 2.1 Stealth
 - Level 5.5 Shields
 * Level 10.1 Spellcasting
   Level 0.7 Transmutations
 + Level 3.3 Fire Magic
 + Level 9.7 Earth Magic
 + Level 5.6 Evocations


You had 19 spell levels left.
You knew the following spells:

 Your Spells              Type           Power        Failure   Level  Hunger
a - Sandblast             Erth           ######       1%          1    None
b - Stone Arrow           Conj/Erth      #####.       1%          3    None
c - Lee's Rapid Deconstr  Erth           ######....   1%          5    ####...
d - Conjure Flame         Conj/Fire      ###.....     2%          3    None


Dungeon Overview and Level Annotations

Branches:
Dungeon (11/15)            Temple (1/1) D:5            Lair (1/6) D:11
    Orc (0/2) D:10

Altars:
Ashenzari
Cheibriados
Dithmenos
Elyvilon
Fedhas
Gozag
Hepliaklqana
Kikubaaqudgha
Makhleb
Nemelex Xobeh
Okawaru
Qazlal
Ru
Sif Muna
Trog
Uskayaw
Vehumet
Xom
Yredelemnul
Zin
The Shining One

Shops:
D:9 :


Innate Abilities, Weirdness & Mutations

You are resistant to torment.
Your stone body is resilient. (AC +8)
You are immune to poison.
You resist negative energy. (rN+)
You are resistant to electric shocks. (rElec)
You can survive without breathing.
You are immune to petrification.
You are immune to rotting.


Message History

Casting: Lee's Rapid Deconstruction
Confirm with . or Enter, or press ? or * to list all spells.
Aiming: Lee's Rapid Deconstruction
Press: ? - help, Dir - move target cursor The wall shatters!
The blast of rock fragments hits the ice dragon.
The ice dragon is heavily wounded.
Okay, then.
Okay, then.
The ice dragon breathes frost at you.
You hear a sizzling sound!
Casting: Lee's Rapid Deconstruction
Confirm with . or Enter, or press ? or * to list all spells.
You don't have enough magic to cast that spell.
The ice dragon breathes frost at you. The blast of cold hits you!
The ice dragon breathes frost at you. The blast of cold hits you!
Ouch! That really hurt!
You die...

##..## ##....##
##......## #........##
##.........###### #
#.........###...#####
##..........##....##..
##..............#......
##.....@........###.....
#.D##.........####....##
##.###........##
##.##### #..#
##........# #.#.# #D##
#.......## ##.## ##.#
##.....## #..# #..#
#.....# ##.## #..#
##..### #..# ##..#
##.#..# ##.##


You could see an ice dragon.

Vanquished Creatures
  An ice dragon (IceCv)
  2 hill giants
  A black mamba (Lair:1)
  2 ice statues (IceCv)
  A redback zombie (D:11)
  4 rime drakes
  A hornet (D:10)
  A two-headed ogre (D:8)
  Grinder (D:6)
  A hippogriff (D:8)
  Sigmund (D:6)
  A wyvern (D:10)
  5 yaks
  A hungry ghost (D:9)
  Edmund (D:6)
  3 water moccasins
  4 sky beasts
  4 orc warriors
  18 ice beasts
  2 black bears
  A phantom (D:5)
  6 ogres
  2 necrophages
  An eye of draining (D:11)
  8 centaurs
  3 crocodiles
  3 big kobolds
  6 bullfrogs
  A gnoll sergeant (D:8)
  A water moccasin zombie (D:8)
  A water moccasin skeleton (D:4)
  5 scorpions
  15 wights
  7 howler monkeys
  2 centaur zombies
  4 crimson imps
  A bullfrog zombie (D:8)
  7 hounds
  2 orc priests (D:11)
  15 orc wizards
  2 bullfrog skeletons
  2 jellies
  4 iguanas
  6 worker ants
  A hound zombie (D:7)
  Robin (D:2)
  15 gnolls
  A worker ant zombie (D:6)
  A river rat (D:3)
  10 adders
  3 shadow imps
  2 oozes
  3 worms
  2 dart slugs (D:1)
  4 leopard geckos
  42 orcs
  7 giant cockroaches
  14 hobgoblins
  18 jackals
  8 quokkas
  4 ball pythons
  8 bats
  3 frilled lizards
  A giant cockroach zombie (D:5)
  12 goblins
  14 kobolds
  A leopard gecko skeleton (D:4)
  A quokka skeleton (D:5)
  11 rats
347 creatures vanquished.

Vanquished Creatures (others)
  5 dream sheep (D:5)
5 creatures vanquished.

Grand Total: 352 creatures vanquished

Notes
Turn   | Place    | Note
-------+----------+-------------------------------------------
     0 | D:1      | nikopol the Gargoyle Earth Elementalist began the quest for the Orb.
     0 | D:1      | Reached XP level 1. HP: 10/10 MP: 3/3
   268 | D:1      | Reached XP level 2. HP: 15/15 MP: 1/5
   912 | D:1      | Reached XP level 3. HP: 19/19 MP: 5/7
  1204 | D:2      | Reached skill level 3 in Spellcasting
  1217 | D:2      | Found a deep blue altar of Sif Muna.
  1220 | D:2      | Found an ancient bone altar of Kikubaaqudgha.
  1232 | D:2      | Found a burning altar of Makhleb.
  1568 | D:2      | Reached XP level 4. HP: 24/24 MP: 4/8
  1627 | D:2      | Learned a level 3 spell: Stone Arrow
  2530 | D:3      | Noticed Robin
  2566 | D:3      | Reached XP level 5. HP: 28/28 MP: 3/10
  2630 | D:2      | Killed Robin
  2630 | D:2      | Reached skill level 5 in Earth Magic
  2705 | D:3      | Reached skill level 4 in Spellcasting
  3686 | D:4      | Reached XP level 6. HP: 26/32 MP: 0/12
  3968 | D:4      | Reached skill level 5 in Spellcasting
  4705 | D:4      | Reached XP level 7. HP: 26/37 MP: 10/15
  4977 | D:4      | Reached skill level 1 in Fighting
  5248 | D:5      | Entered Level 5 of the Dungeon
  5342 | D:2      | Reached skill level 1 in Maces & Flails
  5793 | D:5      | Reached skill level 1 in Armour
  5793 | D:5      | Reached skill level 1 in Evocations
  5964 | D:5      | Reached skill level 1 in Shields
  5964 | D:5      | Reached skill level 6 in Spellcasting
  5964 | D:5      | Reached XP level 8. HP: 44/44 MP: 13/17
  6097 | D:5      | Found a staircase to the Ecumenical Temple.
  6225 | D:5      | Found a shimmering altar of Xom.
  6225 | D:5      | Noticed a dream sheep
  6225 | D:5      | Noticed a dream sheep
  6225 | D:5      | Noticed a dream sheep
  6225 | D:5      | Noticed a dream sheep
  6225 | D:5      | Noticed a dream sheep
  6230 | D:5      | Killed a dream sheep
  6230 | D:5      | Killed a dream sheep
  6230 | D:5      | Killed a dream sheep
  6231 | D:5      | Killed a dream sheep
  6231 | D:5      | Killed a dream sheep
  6364 | D:5      | Got a wizard robe
  6375 | D:5      | Identified the +2 robe of Empajeorr {rN+ Regen+ Dex+3} (You found it on level 5 of the Dungeon)
  6789 | D:5      | Learned a level 5 spell: Lee's Rapid Deconstruction
  6938 | D:6      | Noticed Edmund
  6942 | D:6      | Noticed Sigmund
  7013 | D:6      | Killed Sigmund
  7183 | D:6      | Noticed Grinder
  7185 | D:6      | Killed Grinder
  7185 | D:6      | Reached XP level 9. HP: 51/51 MP: 3/19
  7419 | D:6      | Reached skill level 7 in Spellcasting
  7780 | D:6      | Killed Edmund
  7979 | D:6      | Found an opulent altar of Gozag.
  8304 | Temple   | Entered the Ecumenical Temple
  8368 | Temple   | Became a worshipper of Vehumet
  9884 | D:8      | Reached XP level 10. HP: 58/58 MP: 9/21
  9888 | D:8      | Reached * piety under Vehumet
  9888 | D:8      | Offered knowledge of Sting by Vehumet.
 10111 | D:8      | Found a shimmering altar of Xom.
 10305 | D:7      | Reached skill level 8 in Spellcasting
 10594 | D:8      | Reached skill level 5 in Fighting
 11092 | D:9      | Reached skill level 5 in Shields
 11225 | D:9      | Found a shattered altar of Ashenzari.
 11238 | D:9      | Reached ** piety under Vehumet
 11238 | D:9      | Offered knowledge of Throw Frost by Vehumet.
 11323 | D:9      | Found Cuany's Book Boutique.
 11531 | D:9      | Found a shadowy altar of Dithmenos.
 11843 | D:10     | Entered Level 10 of the Dungeon
 11853 | D:10     | Found a staircase to the Orcish Mines.
 12465 | D:10     | Noticed a hill giant
 12959 | D:10     | Reached XP level 11. HP: 64/64 MP: 23/23
 12985 | D:10     | Reached skill level 5 in Maces & Flails
 12987 | D:10     | Reached skill level 9 in Spellcasting
 13092 | D:9      | Offered knowledge of Inner Flame by Vehumet.
 13099 | D:9      | Learned a level 3 spell: Conjure Flame
 13108 | D:10     | Killed a hill giant
 13487 | D:11     | Reached skill level 1 in Fire Magic
 13674 | D:11     | Reached *** piety under Vehumet
 13969 | D:11     | Offered knowledge of Airstrike by Vehumet.
 14086 | D:11     | Found a staircase to the Lair.
 14154 | D:11     | Noticed a hill giant
 14179 | D:11     | Killed a hill giant
 14179 | D:11     | Reached skill level 5 in Evocations
 14493 | D:11     | Noticed a skeletal warrior
 14494 | D:11     | Noticed a skeletal warrior
 14643 | D:10     | Upgraded the game from 0.19.0-9-gfd783f2 to 0.19.0-11-g3fc08b3
 14860 | Lair:1   | Entered Level 1 of the Lair of Beasts
 15107 | D:11     | Reached skill level 5 in Dodging
 15108 | D:11     | Reached **** piety under Vehumet
 15304 | Lair:1   | Found a frozen archway.
 15327 | IceCv    | Entered an ice cave
 15334 | IceCv    | Offered knowledge of Ignite Poison by Vehumet.
 15834 | IceCv    | Reached XP level 12. HP: 57/71 MP: 12/25
 15905 | IceCv    | Reached skill level 10 in Spellcasting
 16198 | IceCv    | Noticed an ice dragon
 16228 | IceCv    | Killed an ice dragon
 16285 | IceCv    | Noticed an ice dragon
 16320 | IceCv    | Killed from afar by an ice dragon

Skill      XL: |  1  2  3  4  5  6  7  8  9 10 11 12 |
---------------+-------------------------------------+-----
Earth Magic    | 4 5 6 7 8 9 |  9.7
Spellcasting   | 3 4 5 6 7 8 9 10 | 10.1
Fighting       | 1 3 4 5 6 |  6.8
Maces & Flails | 1 2 3 4 6 |  6.1
Armour         | 1 |  1.8
Evocations     | 1 2 3 4 5 |  5.6
Dodging        | 2 3 4 5 |  5.6
Shields        | 1 3 4 5 |  5.5
Fire Magic     | 3 |  3.3
Stealth        | |  2.1
Transmutations | |  0.7

Action                   |  1- 3 |  4- 6 |  7- 9 | 10-12 || total
-------------------------+-------+-------+-------+-------++-------
Melee: Dagger            |     8 |    22 |       |       ||    30
       Flail             |       |    14 |    22 |   354 ||   390
       Dire flail        |       |       |    22 |    69 ||    91
 Cast: Sandblast         |    62 |   211 |   274 |   159 ||   706
       Stone Arrow       |       |     5 |    14 |    68 ||    87
       Lee's Rapid Decon |       |       |    17 |    82 ||    99
       Conjure Flame     |       |       |       |     2 ||     2
Evoke: Wand              |       |       |     4 |     1 ||     5
  Use: Scroll            |       |    11 |     6 |     7 ||    24
       Potion            |       |       |       |     1 ||     1
  Eat: Chunk             |     2 |    10 |    20 |    29 ||    61
       Beef jerky        |       |       |     1 |       ||     1
       Pizza             |       |       |       |     1 ||     1
       Fruit             |       |       |       |     4 ||     4
       Meat ration       |       |       |       |     1 ||     1
Armor: Robe              |    12 |    49 |   109 |   266 ||   436
Dodge: Dodged            |    28 |    87 |   173 |   351 ||   639
Block: Buckler           |       |       |       |   113 ||   113
